 Dungeon Crawl Stone Soup version 0.29.1-4-g47bece8355 (webtiles) character file.

Game seed: 3751625773833124438

502 javelincjr the Conjurer (level 6, -2/32 HPs)
             Began as a Deep Elf Conjurer on Dec 2, 2022.
             Splashed by a jelly's acid (8 damage)
             ... on level 4 of the Dungeon.
             The game lasted 00:22:28 (3701 turns).

javelincjr the Conjurer (Deep Elf Conjurer)         Turns: 3701, Time: 00:22:31

Health: -2/32      AC:  0    Str:  3    XL:     6   Next: 95%
Magic:  14/16      EV: 13    Int: 24    God:
Gold:   296        SH:  0    Dex: 17    Spells: 13/16 levels left

rFire   . . .      SeeInvis .   i - +2 dagger (protect)
rCold   . . .      Faith    .   (no shield)
rNeg    + . .      Spirit   .   a - +0 robe
rPois   +          Reflect  .   f - +0 helmet
rElec   .          Harm     .   (no cloak)
rCorr   .          Rampage  .   g - +0 pair of gloves
Will    .....                   (no boots)
Stlth   +++.......              (no amulet)
HPRegen 0.10/turn               d - ring of poison resistance
MPRegen 0.15/turn               h - ring of positive energy

@: corroded
A: claws 1, agile 1
a: no special abilities


You were on level 4 of the Dungeon.
You visited 1 branch of the dungeon, and saw 5 of its levels.

You collected 296 gold pieces.

Inventory:

Hand Weapons
 i - a +2 dagger of protection (weapon)
Armour
 a - a +0 robe (worn)
 f - a +0 helmet (worn)
 g - a +0 pair of gloves (worn)
Jewellery
 d - a ring of poison resistance (left hand)
 h - a ring of positive energy (right hand)
 j - a ring of flight
 o - an amulet of faith
Wands
 k - a wand of paralysis (7)
Scrolls
 e - 5 scrolls of identify
Potions
 b - a potion of magic
 c - a potion of berserk rage {unknown}
 n - a potion of brilliance {unknown}
 p - a potion of haste {unknown}


   Skills:
 + Level 0.1 Fighting
 + Level 1.7 Short Blades
 + Level 3.3 Dodging
 + Level 4.1 Stealth
 + Level 5.7 Spellcasting
 + Level 7.0 Conjurations


You had 13 spell levels left.
You knew the following spells:

 Your Spells              Type           Power      Damage    Failure   Level
a - Magic Dart            Conj           100%       1d8       1%          1
b - Searing Ray           Conj           80%        2d7       1%          2

Your spell library contained the following spells:

 Spells                   Type           Power      Damage    Failure   Level
 Dazzling Flash           Conj/Hex       46%        N/A       6%          3
 Sublimation of Blood     Necr           6%         N/A       12%         2
 Fulminant Prism          Conj/Hex       11%        3d9       19%         4
 Iskenderun's Mystic Bla  Conj/Tloc      23%        2d6       19%         4
 Summon Guardian Golem    Hex/Summ       6%         N/A       24%         3
 Irradiate                Conj/Tmut      11%        3d15      47%         5
 Petrify                  Tmut/Erth      6%         N/A       63%         4
 Orb of Destruction       Conj           20%        9d8       98%         7
 Spellforged Servitor     Conj/Summ      11%        N/A       100%        7


Dungeon Overview and Level Annotations

Branches:
Dungeon (5/15)
 Temple: D:4-7

Altars:
Elyvilon
Okawaru
The Shining One

Shops:
D:2 [


Innate Abilities, Weirdness & Mutations

You have sharp fingernails.
You are agile. (Dex +4, Str/Int -1)


Message History

The two-headed ogre misses you. The ogre attacks as you move away!
The ogre completely misses you. The adder attacks as you move away!
The adder bites you.
Okay, then.
As you read the scroll labelled LUBEUPH ECYGIH, it crumbles to dust.
You feel aware of your surroundings.
It was a scroll of magic mapping.
The adder bites you.
You are poisoned.
The adder poisons you! The jelly closely misses you.
The ogre closely misses you. The adder barely misses you.
Unknown command.
You feel sick.
The two-headed ogre attacks as you move away!
The two-headed ogre barely misses you. x2; The adder attacks as you move away!
The adder closely misses you.
You feel sick. The jelly attacks as you move away!
The jelly closely misses you.
You feel sick. The adder attacks as you move away!
The adder closely misses you.
You feel sick. The adder closely misses you.
The jelly attacks as you move away! The jelly hits you but does no damage.
You feel sick.
You feel sick.
You are no longer poisoned.
The ogre shouts!
Casting: Magic Dart (safe; 1% risk of failure)
Confirm with . or Enter, or press ? or * to list all spells.
Aiming: Searing Ray (safe; 1% risk of failure)
Press: ? - help, Shift-Dir - straight line, f - two-headed ogre
Aim: a two-headed ogre, wielding two +0 giant clubs (91% to hit)
The searing ray hits the jelly!
The jelly is heavily wounded.
The searing ray hits the adder!
The adder is severely wounded.
The searing ray hits the two-headed ogre.
The two-headed ogre is lightly wounded. (Press . to maintain the ray.)
The jelly hits you.
* * * LOW HITPOINT WARNING * * *
The acid corrodes you!
You are splashed with acid!
You die...

###### #....##### #
###########.##.....########
#.......................##.
#########.#..############.. #
##........# #####...
#############..#@.....####......#
.....#..>..##.##J..........##...#
............#.#.S.....#####...###
..............#.O.....#.....###
.............##....####.....# #
.............#.O##.# #.....#####
...................####.....##...
...............##.....#........##
...............###...........###


You could see a two-headed ogre, an ogre, a jelly and an adder.

Vanquished Creatures
  A water moccasin (D:4)
  An ice beast (D:4)
  A bullfrog (D:4)
  A hound (D:3)
  An orc priest (D:2)
  5 adders
  4 gnolls (D:3)
  A worm (D:2)
  11 orcs
  7 ball pythons
  8 bats
  11 endoplasms
  2 giant cockroaches
  5 goblins
  9 hobgoblins
  2 jackals (D:1)
  2 kobolds (D:1)
  6 quokkas
  2 frilled lizards (D:3)
  6 rats
86 creatures vanquished.

Notes
Turn   | Place    | Note
-------+----------+-------------------------------------------
     0 | D:1      | javelincjr the Deep Elf Conjurer began the quest for the
                  | Orb.
     0 | D:1      | Reached XP level 1. HP: 10/10 MP: 6/6
    86 | D:1      | Reached XP level 2. HP: 9/15 MP: 2/8
   206 | D:2      | Found a faded altar of an unknown god.
   381 | D:1      | Reached skill level 5 in Conjurations
   451 | D:1      | Gained mutation: You are agile. (Dex +4, Str/Int -1)
                  | [potion of mutation]
   451 | D:1      | Gained mutation: You have sharp fingernails. [potion of
                  | mutation]
   728 | D:1      | Reached XP level 3. HP: 19/19 MP: 5/10
  1434 | D:2      | Learned a level 2 spell: Searing Ray
  1532 | D:2      | Found an iron altar of Okawaru.
  1693 | D:2      | Reached XP level 4. HP: 21/24 MP: 6/12
  1887 | D:3      | Found a white marble altar of Elyvilon.
  1891 | D:3      | Reached skill level 6 in Conjurations
  2030 | D:2      | Found Odickat's Antique Armour Boutique.
  2275 | D:2      | Reached XP level 5. HP: 28/28 MP: 11/13
  2405 | D:3      | Found a faded altar of an unknown god.
  2409 | D:3      | Found a glowing golden altar of the Shining One.
  3162 | D:4      | Noticed a water moccasin
  3165 | D:4      | Noticed an ice beast
  3167 | D:4      | Killed a water moccasin
  3168 | D:4      | Reached skill level 1 in Short Blades
  3168 | D:4      | Reached skill level 5 in Spellcasting
  3168 | D:4      | Reached XP level 6. HP: 32/32 MP: 8/15
  3176 | D:4      | Killed an ice beast
  3288 | D:5      | Entered Level 5 of the Dungeon
  3288 | D:5      | Noticed a two-headed ogre
  3349 | D:4      | Reached skill level 7 in Conjurations
  3690 | D:4      | Identified a scroll of acquirement
  3690 | D:4      | Acquired the +3 rapier of the Insatiable Mice {spect, rPois
                  | MP-9 Str+4 SInv}
  3701 | D:4      | Splashed by a jelly's acid

Illustrated notes

Levels and vault maps discovered:
D:1:      nicolae_arrival_somewhat_less_tricky_arrival, layout_basic,
          minivault_4, minmay_misc_feat_ornament, bh_walls_and_bars
D:2:      layout_loops_ring, serial_shops, shop_fountains, basic_altar,
          chequers_ecumenical_altar_island
D:3:      layout_basic, amcnicky_altar_gilded, nicolae_overflow_ecumenical_swirl
D:4:      layout_rooms, dk_rats_in_the_wall
D:5:      layout_loops_cross, nicolae_overflow_crystal_walls,
          mrwooster_statue_mirror, kennysheep_diamond

Skill      XL: |  1  2  3  4  5  6 |
---------------+-------------------+-----
Conjurations   | 5 6 7 |  7.0
Spellcasting   | 4 5 |  5.7
Stealth        | 3 4 |  4.1
Dodging        | 3 |  3.3
Short Blades   | 1 |  1.7
Fighting       | |  0.1

Action                   |  1- 3 |  4- 6 || total
-------------------------+-------+-------++-------
Melee: Dagger            |    16 |    24 ||    40
       Punch             |     1 |       ||     1
 Cast: Magic Dart        |    62 |    59 ||   121
       Searing Ray       |     1 |     8 ||     9
  Use: Scroll            |     1 |     3 ||     4
       Potion            |     1 |     2 ||     3
 Stab: Sleeping          |     3 |     2 ||     5
Armor: Robe              |     5 |     8 ||    13
Dodge: Dodged            |    15 |    32 ||    47
